Map: Amygdala

Players

LiquidMaNa (MaNa) - Winner!

  • Race: Protoss Protoss
  • League: Grandmaster
  • Spawn Location: 7:00

Reynor

  • Race: Zerg Zerg
  • Spawn Location: 1:00

Event: HomeStory Cup XXVI

VOD

Have the link to the VOD?

Description

Time

  • Played on: Nov. 30, 2024, 8:21 a.m.
  • Length: 8:44

All games in this series

Show
View Real Time Build Order
Export as new Build Order

LiquidMaNa Protoss - Winner!

Build Orders: 1 Gate Expand, Oracle Opening, Zealot Archon, Archon Drop 

Get SALT Encoding   

  12  0:00  Probe  
  13  0:12  Probe  
  14  0:17  Pylon  
  14  0:24  Probe  
  15  0:32  Probe  
  15  0:37  Gateway  
  15  0:40  Probe  
  16  0:47  Assimilator  
  17  0:50  Probe  
  18  0:59  Probe  
  19  1:07  Probe  
  19  1:17  Probe  
  21  1:27  Nexus  
  21  1:37  Cybernetics Core  
  21  1:40  Probe  
  21  1:45  Assimilator  
  22  1:52  Pylon  
  22  1:55  Probe  
  23  2:05  Adept  
  23  2:11  Probe  
  23  2:13  Stargate  
  26  2:23  Probe  
  26  2:24  Warp Gate  
  27  2:32  Stalker  
  27  2:35  Probe x2  
  30  2:44  Probe  
  31  2:47  Probe  
  33  2:53  Probe  
  34  2:59  Probe  
  34  3:01  Oracle  
  38  3:05  Probe  
  38  3:11  Probe  
  40  3:14  Probe  
  40  3:16  Assimilator  
  40  3:18  Assimilator  
  41  3:22  Probe  
  41  3:23  Probe  
  41  3:24  Gateway  
  43  3:27  Robotics Facility  
  43  3:31  Pylon  
  43  3:32  Probe  
  44  3:38  Probe  
  45  3:44  Probe  
  45  3:46  Probe  
  45  3:48  Twilight Council  
  46  3:54  Probe  
  47  3:56  Probe  
  47  4:01  Pylon  
  49  4:04  Probe  
  49  4:07  Warp Prism  
  49  4:08  Gateway, Probe  
  49  4:09  Gateway  
  51  4:21  Probe x2  
  55  4:26  Templar Archives  
  55  4:33  Pylon  
  55  4:36  Adept x2  
  59  4:53  Nexus  
  59  5:01  Probe x2  
  59  5:03  High Templar x4  
  69  5:08  Archon  
  69  5:09  Archon  
  69  5:11  Observer  
  69  5:12  Pylon  
  69  5:14  Pylon  
  70  5:16  Forge  
  70  5:26  Charge  
  70  5:35  Zealot x3  
  70  5:36  Zealot  
  70  5:37  Probe  
  70  5:38  Probe  
  80  5:47  Protoss Ground Weapons Level 1  
  80  5:56  Zealot x4  
  86  5:59  Gateway  
  86  6:01  Gateway  
  86  6:05  Probe  
  83  6:21  Probe x2  
  78  6:32  Probe  
  78  6:35  Probe x2  
  78  6:37  Zealot x4  
  88  6:40  Pylon  
  88  6:41  Gateway  
  88  6:42  Gateway  
  88  6:45  Probe  
  88  6:46  Psionic Storm  
  85  6:51  Warp Prism  
  83  6:58  High Templar x6  
  83  7:00  Pylon  
  93  7:12  Shield Battery x2  
  93  7:19  Photon Cannon  
  93  7:20  Photon Cannon  
  93  7:24  Probe x3  
  93  7:26  Assimilator  
  96  7:35  Sentry  
  96  7:36  Zealot x6  
  109  8:00  Nexus  
  109  8:04  Pylon  
  109  8:09  Zealot x4  
  117  8:25  Archon  
  115  8:32  Archon x2  
  105  8:35  Zealot x8  
Show
View Real Time Build Order
Export as new Build Order

Reynor Zerg 

Build Orders: Hatch First 

Get SALT Encoding   

  12  0:00  Drone  
  13  0:11  Overlord  
  13  0:16  Drone  
  14  0:30  Drone x2  
  16  0:46  Hatchery  
  16  0:49  Drone  
  16  0:52  Drone  
  16  0:55  Drone  
  18  1:06  Extractor  
  17  1:12  Spawning Pool  
  17  1:14  Drone  
  17  1:17  Drone  
  18  1:27  Drone  
  19  1:38  Overlord  
  19  1:51  Drone  
  20  1:58  Drone, Queen x2  
  20  1:59  Drone  
  26  2:08  Drone  
  26  2:10  Drone  
  28  2:19  Drone  
  28  2:20  Drone  
  30  2:26  Hatchery  
  29  2:30  Drone  
  29  2:32  Drone  
  31  2:41  Zergling x2  
  31  2:42  Zergling x2  
  33  2:52  Overlord  
  33  2:54  Queen  
  33  2:56  Drone  
  36  3:03  Overlord  
  36  3:11  Drone x3  
  39  3:13  Drone x2  
  39  3:16  Queen  
  43  3:23  Drone  
  43  3:24  Drone  
  45  3:29  Queen  
  45  3:32  Drone  
  48  3:35  Drone  
  48  3:39  Drone x2  
  48  3:40  Drone x2  
  48  3:41  Queen  
  53  3:46  Spore Crawler  
  53  3:47  Overlord  
  54  3:49  Drone x2  
  54  3:53  Lair  
  56  3:56  Drone  
  56  3:57  Drone  
  56  3:58  Spore Crawler  
  56  3:59  Overlord  
  57  4:03  Overlord  
  57  4:05  Drone  
  58  4:10  Overlord  
  58  4:14  Overlord  
  58  4:19  Drone x5  
  58  4:21  Drone  
  58  4:22  Drone  
  65  4:25  Extractor  
  65  4:30  Drone x3  
  65  4:31  Drone  
  68  4:32  Drone  
  68  4:33  Drone  
  68  4:34  Evolution Chamber  
  68  4:36  Queen  
  71  4:41  Overlord  
  71  4:42  Drone x3  
  71  4:45  Drone  
  75  4:46  Spore Crawler  
  74  4:54  Hydralisk Den  
  74  4:55  Drone x3, Extractor  
  74  4:56  Drone x2, Extractor  
  74  4:59  Queen  
  78  5:02  Zerg Missile Weapons Level 1  
  78  5:05  Zergling x6  
  81  5:08  Overlord  
  81  5:09  Drone  
  81  5:12  Overlord  
  82  5:16  Drone x4  
  82  5:19  Overlord  
  86  5:25  Muscular Augments  
  86  5:28  Extractor  
  85  5:32  Queen  
  80  5:35  Hydralisk  
  80  5:36  Hydralisk x2  
  80  5:39  Queen  
  88  5:44  Zergling x2, Hydralisk x2  
  93  5:56  Hydralisk x3  
  97  6:03  Zergling x10  
  100  6:07  Hydralisk x2  
  97  6:12  Hydralisk  
  97  6:16  Zergling x12  
  97  6:22  Hydralisk  
  88  6:35  Drone x6  
  88  6:38  Grooved Spines  
  88  6:39  Hydralisk  
  88  6:45  Hydralisk  
  86  6:48  Drone  
  86  6:50  Drone  
  86  6:51  Drone x2  
  86  6:52  Drone  
  86  6:53  Drone  
  91  7:01  Drone x2  
  91  7:02  Drone x2  
  91  7:04  Queen  
  97  7:11  Drone x3, Infestation Pit  
  97  7:13  Drone  
  97  7:14  Drone, Extractor  
  97  7:15  Drone  
  101  7:30  Hatchery  
  101  7:34  Overlord  
  100  7:42  Queen  
  101  7:48  Hydralisk x2  
  101  7:49  Hydralisk x2  
  109  7:53  Zergling x2  
  109  7:54  Zergling x10  
  115  8:00  Lurker Den  
  115  8:02  Hydralisk  
  115  8:03  Zergling x10  
  121  8:06  Overlord  
  121  8:07  Hydralisk  
  121  8:08  Zergling x2  
  121  8:10  Zergling x2  
  125  8:13  Hydralisk  
  125  8:19  Hydralisk  
  126  8:23  Overlord  
  126  8:27  Zergling x2  
Tags
 
Add a new tag
Caveats
  • Supply blocks, unpowered buildings, or Contaminate may cause inaccurate times.
  • Supply counts are checked every 10 seconds.